 Dungeon Crawl Stone Soup version 0.17.1-3-g152610e (webtiles) character file.

235 Urist the Skirmisher (level 6, -5/51 HPs)
             Began as a Human Wanderer on Apr 7, 2016.
             Was an Initiate of Gozag.
             Slain by a hound (6 damage)
             ... on level 4 of the Dungeon.
             The game lasted 00:10:25 (3489 turns).

Urist the Skirmisher (Human Wanderer)               Turns: 3489, Time: 00:10:26

Health: -5/51      AC:  2    Str: 11    XL:     6   Next: 27%
Magic:  6/6        EV: 13    Int: 10    God:    Gozag
Gold:   29         SH:  4    Dex: 16    Spells: 0 memorised, 5 levels left

rFire  . . .     SeeInvis .     m - +1 hand crossbow of Qixkiq {venom, rC+ rN+ Int-2 Stlth+} (curse)
rCold  + . .     Clarity  .     c - +0 robe
rNeg   + . .     SustAt   .     l - +0 buckler
rPois  .         Gourm    .     (no helmet)
rElec  .         Spirit   .     (no cloak)
rCorr  .         Warding  .     (no gloves)
rMut   .         Stasis   .     (no boots)
MR     .....                    (no amulet)
Stlth  +++.......               (no ring)
                                (no ring)

@: lethally poisoned (-5 -> -6), not resistant to hostile enchantments, fairly
stealthy
A: no striking features
a: Potion Petition, Call Merchant, Bribe Branch, Renounce Religion


You were on level 4 of the Dungeon.
You worshipped Gozag.
Gozag was noncommittal.
You were hungry.

You visited 1 branch of the dungeon, and saw 4 of its levels.

You collected 263 gold pieces.
You spent 221 gold pieces at shops.
You paid 13 gold pieces to Gozag.

Inventory:

Hand Weapons
 a - a +3 short sword
 d - a +0 dagger
 m - the cursed +1 hand crossbow of Qixkiq (weapon) {venom, rC+ rN+ Int-2 Stlth+}
   (You bought it in a shop on level 4 of the Dungeon)

   It poisons the ammo it fires.
   It affects your intelligence (-2).
   It protects you from cold.
   It protects you from negative energy.
   It makes you more stealthy.
   It has a curse placed upon it.
Armour
 c - a +0 robe (worn)
 l - a +0 buckler (worn)
Jewellery
 f - an uncursed amulet of the gourmand
 n - a cursed -2 ring of dexterity {unknown}
 p - an uncursed ring of see invisible {unknown}
Wands
 q - a wand of slowing (20)
Scrolls
 g - a scroll of identify
 o - a scroll of recharging
Potions
 b - a potion of lignification
 k - a potion of ambrosia
Comestibles
 e - 2 bread rations
 i - 3 meat rations
 j - a slice of pizza


   Skills:
 + Level 5.2 Fighting
 + Level 2.2 Short Blades
 + Level 1.0 Throwing
 + Level 3.6 Dodging
 + Level 3.4 Stealth
 + Level 0.2 Shields


You had 5 spell levels left.
You didn't know any spells.

Dungeon Overview and Level Annotations

Branches:
Dungeon (4/15)
 Temple: D:4-7

Altars:
Ashenzari
Dithmenos
Gozag
Nemelex Xobeh
Zin

Shops:
D:4 (


Message History

You feel sick. The adder bites you but does no damage. The hound bites you.
The adder closely misses you.
The hound stops to sniff the ground.
The hound barely misses you.
You barely miss the adder. The hound bites you.
* * * LOW HITPOINT WARNING * * *
The adder closely misses you. The hound barely misses you.
The adder bites you but does no damage.
You clumsily bash the adder but do no damage.
You feel sick. The hound barely misses you. The adder barely misses you.
The hound bites you.
* * * LOW HITPOINT WARNING * * *
The adder barely misses you. The hound closely misses you.
You miss the adder. The adder bites you.
* * * LOW HITPOINT WARNING * * *
The hound bites you.
* * * LOW HITPOINT WARNING * * *
The adder closely misses you. The hound bites you.
You die...
Your body crumbles into a pile of gold.

.##.#.##.#.#.# #.#
'##∩#.#..#.#.# ##'########
..#.#.#...<#.# #.........#
..#.#.#.##.#.#####.........#
..#.#......#.#....<........#
..#.########.#.##.#+########
..#..........#.#....#... $
'#############.#..###.######
...............h@S..........
.#############.#..###.######
.# #.#..# .#
.#############.#.... .. $
........................
..###...#### #.##.###....
..###...######.##+# #####
.................. #
#######......##.##
########.#


You could see a hound and an adder.

Vanquished Creatures
  A sky beast (D:4)
  An iguana (D:3)
  5 adders
  A worm (D:2)
  3 orcs (D:4)
  A bat (D:2)
  4 giant cockroaches
  5 hobgoblins
  15 jackals
  6 kobolds
  A quokka (D:4)
  3 ball pythons
  6 giant newts
  5 goblins (D:1)
  6 rats
63 creatures vanquished.

Notes
Turn   | Place    | Note
--------------------------------------------------------------
     0 | D:1      | Urist the Human Wanderer began the quest for the Orb.
     0 | D:1      | Urist set off with: a +2 short sword, 2 potions of lignification, a +0 robe, a +0 dagger, a bread ration
     0 | D:1      | Reached XP level 1. HP: 19/19 MP: 1/1
   148 | D:1      | Reached XP level 2. HP: 11/26 MP: 2/2
   394 | D:1      | Reached XP level 3. HP: 11/31 MP: 3/3
   849 | D:2      | Found a shadowy altar of Dithmenos.
  1150 | D:2      | Reached XP level 4. HP: 14/38 MP: 4/4
  1488 | D:2      | Reached skill level 5 in Fighting
  1985 | D:2      | Found an opulent altar of Gozag.
  1986 | D:2      | Found a glowing silver altar of Zin.
  2005 | D:2      | Became a worshipper of Gozag Ym Sagoz the Greedy
  2172 | D:3      | Found a sparkling altar of Nemelex Xobeh.
  2192 | D:3      | Reached XP level 5. HP: 13/44 MP: 5/5
  2679 | D:3      | Found a shattered altar of Ashenzari.
  2824 | D:4      | Noticed a sky beast
  2842 | D:4      | Killed a sky beast
  2842 | D:4      | Reached XP level 6. HP: 10/51 MP: 6/6
  2937 | D:4      | Found a shadowy altar of Dithmenos.
  3374 | D:4      | Found Kocit's Antique Weapon Shoppe.
  3380 | D:4      | Bought a fine hand crossbow for 221 gold pieces
  3380 | D:4      | Identified the cursed +1 hand crossbow of Qixkiq {venom, rC+ rN+ Int-2 Stlth+} (You bought it in a shop on level 4 of the Dungeon)
  3489 | D:4      | HP: 1/51 [hound (2)]
  3489 | D:4      | Slain by a hound

Action                   |  1- 3 |  4- 6 || total
-------------------------+-------+-------++-------
Melee: Short sword       |    92 |   112 ||   204
       Hand crossbow     |       |    24 ||    24
  Use: Scroll            |     9 |     3 ||    12
       Potion            |     3 |     7 ||    10
 Stab: Sleeping          |     2 |     3 ||     5
  Eat: Chunk             |       |     8 ||     8
